 Dungeon Crawl Stone Soup version 0.17-a0-1984-g55f5988 (webtiles) character file.

220 BarneyGumball the Insei (level 5, 0/40 HPs)
             Began as a Draconian Transmuter on Oct 5, 2015.
             Slain by a worker ant (1 damage)
             ... on level 3 of the Dungeon.
             The game lasted 00:10:50 (3447 turns).

BarneyGumball the Insei (Draconian Transmuter)      Turns: 3447, Time: 00:10:50

Health: 0/40       AC:  6    Str: 12      XL:     5   Next: 64%
Magic:  7/8        EV: 12    Int: 13      God:
Gold:   154        SH:  0    Dex: 10 (13) Spells: 2 memorised, 4 levels left

rFire  . . .     SeeInvis .       - Unarmed
rCold  . . .     Clarity  .     (armour unavailable)
rNeg   . . .     SustAt   .     (no shield)
rPois  .         Gourm    .     (helmet restricted)
rElec  .         Spirit   .     (no cloak)
rCorr  .         Warding  .     (no gloves)
rMut   .         Stasis   .     o - +0 pair of boots
MR     .....                    (no amulet)
Stlth  +.........               (no ring)
                                (no ring)

@: lethally poisoned (0 -> -23), very slightly contaminated, not resistant to
hostile enchantments, very unstealthy
A: unfitting armour, cold-blooded, AC +5
a: no special abilities


You were on level 3 of the Dungeon.
You were not hungry.

You visited 1 branch of the dungeon, and saw 4 of its levels.

You collected 154 gold pieces.

Inventory:

Hand Weapons
 s - a +0 blowgun
Missiles
 a - 31 arrows
 t - 15 poisoned needles (quivered)
Armour
 o - a +0 pair of boots (worn)
Wands
 l - a wand of confusion (37)
 u - a wand of cold (11)
Scrolls
 e - 5 scrolls of remove curse {unknown}
 f - 4 scrolls of identify {unknown}
 h - a scroll of enchant weapon {unknown}
 m - 2 scrolls of teleportation {unknown}
Potions
 d - a potion of resistance {unknown}
 g - a potion of agility {unknown}
 j - a potion of heal wounds {unknown}
 k - a potion of degeneration
 n - a potion of poison {unknown}
 p - a potion of haste {unknown}
 q - a potion of curing {unknown}
 r - a potion of cure mutation {unknown}
Books
 b - a book of Changes

   Spells                             Type                      Level
   a - Beastly Appendage              Transmutation                1
   b - Sticks to Snakes               Transmutation                2
   c - Spider Form                    Transmutation/Poison         3
   d - Ice Form                       Ice/Transmutation            4
   e - Blade Hands                    Transmutation                5
Comestibles
 c - 6 bread rations


   Skills:
 - Level 1.1 Fighting
 - Level 1.7 Dodging
 * Level 6.4 Unarmed Combat
 - Level 2.0 Spellcasting
 - Level 2.0 Transmutations


You had 4 spell levels left.
You knew the following spells:

 Your Spells              Type           Power        Failure   Level  Hunger
a - Beastly Appendage     Trmt           #.....       12%         1    ##.....
b - Spider Form           Trmt/Pois      #.........   52%         3    ####...


Dungeon Overview and Level Annotations

Branches:
Dungeon (4/15)
 Temple: D:4-7

Altars:
Gozag
Kikubaaqudgha

Shops:
D:3 *


Innate Abilities, Weirdness & Mutations

Your plain brown scales are hard (AC +5).
Your body does not fit into most forms of armour.
You are cold-blooded and may be slowed by cold attacks.


Message History

You feel sick.
The jackal bites you but does no damage.
The worker ant closely misses you. The scorpion barely misses you.
The jackal bites you.
You closely miss the jackal.
You tail-slap the jackal, but do no damage.
The jackal is heavily wounded.
You feel sick. The worker ant bites you.
* * * LOW HITPOINT WARNING * * *
The jackal closely misses you. The scorpion stings you.
* * * LOW HITPOINT WARNING * * *
You are more poisoned.
The scorpion poisons you!
Drink which item? (? for menu, Esc to quit)
It was a potion of degeneration.
There was something very wrong with that liquid.
You feel clumsy.
* * * LOW HITPOINT WARNING * * *
You feel sick. The jackal barely misses you. The worker ant bites you.
You die...

#.##..........######
##.##.##.#####......#
......##.# ######.#
##....)..# #.#
##....#### ####.####
##.##.# #..[....#
##.##.# #.#####.#
......##########a#
#.#
##.####.....##hs@#
#.# ##.# #.....##.#h#
#.# ...##
#.....##.#.#####.#
....#
#.....##.#.....(.#
..#.#
#.....##.#########
....#####.####.....#
..........# #####.#
....####### #.# ..#.#
#.#######


You could see a scorpion, a worker ant and 2 jackals.

Vanquished Creatures
  An ogre (D:3)
  2 adders
  3 gnolls (D:3)
  A shadow imp (D:3)
  2 oozes (D:3)
  4 giant geckos
  6 bats
  5 giant cockroaches
  7 goblins
  8 hobgoblins
  3 jackals (D:3)
  8 kobolds
  A ball python (D:2)
  6 giant newts
  A jackal skeleton (D:3)
  A quokka (D:2)
  12 rats
71 creatures vanquished.

Notes
Turn   | Place    | Note
--------------------------------------------------------------
     0 | D:1      | BarneyGumball the Draconian Transmuter began the quest for the Orb.
     0 | D:1      | Reached XP level 1. HP: 16/16 MP: 3/3
   360 | D:1      | Reached XP level 2. HP: 18/23 MP: 5/5
   744 | D:1      | Reached skill level 4 in Unarmed Combat
   983 | D:2      | Found an ancient bone altar of Kikubaaqudgha.
  1109 | D:2      | Reached XP level 3. HP: 26/28 MP: 6/6
  2009 | D:3      | Found an opulent altar of Gozag.
  2349 | D:3      | Reached XP level 4. HP: 35/35 MP: 7/7
  2459 | D:3      | Found Gozag's Platinum Reserve.
  2475 | D:3      | Reached skill level 5 in Unarmed Combat
  2595 | D:3      | Learned a level 3 spell: Spider Form
  3091 | D:4      | Noticed an ogre
  3103 | D:3      | Killed an ogre
  3103 | D:3      | Reached skill level 6 in Unarmed Combat
  3103 | D:3      | Reached XP level 5. HP: 4/40 MP: 8/8
  3447 | D:3      | HP: 1/40 [poisoned by a scorpion]
  3447 | D:3      | Slain by a worker ant

Vault maps used:
D:1:      lightli_arrival_windingriver
D:2:      lemuel_doored_altar
D:3:      nicolae_gozag_zags_fifth_avenue, first_bread, grunt_ministairs_11
D:4:      small_statue_intersection, minivault_14, minmay_unequal

Action                   |  1- 3 |  4- 6 || total
-------------------------+-------+-------++-------
Melee: Unarmed           |   160 |    66 ||   226
 Fire: Blowgun           |       |     4 ||     4
 Cast: Beastly Appendage |       |     2 ||     2
  Use: Potion            |       |     1 ||     1
 Stab: Sleeping          |     1 |       ||     1
       Distracted        |       |     1 ||     1
  Eat: Chunk             |     4 |     2 ||     6
       Meat ration       |       |     1 ||     1
